 Dungeon Crawl Stone Soup version 0.30-a0-578-gdee14c521f (webtiles) character file.

Game seed: 2992660402650262812

11711 porpoise the Skirmisher (level 12, -1/82 HPs)
             Began as a Human Hunter on Jan 1, 2023.
             Was a Priest of Hepliaklqana.
             Slain by a freezing wraith (6 damage)
             ... on level 10 of the Dungeon.
             The game lasted 00:48:09 (10879 turns).

porpoise the Skirmisher (Human Hunter)             Turns: 10879, Time: 00:48:10

Health: -1/82      AC: 15    Str: 13    XL:     12   Next: 11%
Magic:  17/17      EV: 14    Int:  9    God:    Hepliaklqana [***...]
Gold:   323        SH:  0    Dex: 27    Spells: 3/11 levels left

rFire   . . .      SeeInvis +    a - +3 arbalest (drain)
rCold   . . .      Faith    .    (shield currently unavailable)
rNeg    . . .      Spirit   .    C - +2 ring mail {rPois}
rPois   +          Reflect  .    c - +1 hat
rElec   .          Harm     .    k - +0 cloak
rCorr   .          Rampage  .    y - +2 pair of gloves
Will    .....                    v - +0 pair of boots
Stlth   ++                       (no amulet)
HPRegen 0.33/turn                F - ring of see invisible
MPRegen 0.15/turn                A - +6 ring of dexterity

@: slowed, very slow
A: reduced essence
a: Renounce Religion, Recall Ancestor, Ancestor Identity, Transference


You were on level 10 of the Dungeon.
You worshipped Hepliaklqana.
Hepliaklqana was most pleased with you.
You visited 2 branches of the dungeon, and saw 11 of its levels.
You also visited: Ossuary and Bailey.

You collected 684 gold pieces.
You spent 361 gold pieces at shops.

Inventory:

Hand Weapons
 a - a +3 arbalest of draining (weapon)
 b - a +0 longbow
 n - a +1 scimitar of flaming
 z - a +0 broad axe
 O - a +2 shortbow of flaming
Missiles
 R - a curare-tipped dart
Armour
 c - a +1 hat (worn)
 k - a +0 cloak (worn)
 m - a +3 leather armour
 v - a +0 pair of boots (worn)
 y - a +2 pair of gloves (worn)
 C - a +2 ring mail of poison resistance (worn)
 D - an orb of mayhem
 L - +0 steam dragon scales
Magical Staves
 E - a staff of air
 T - a staff of earth
Jewellery
 f - a ring of poison resistance
 x - a ring of flight
 A - a +6 ring of dexterity (right hand)
 F - a ring of see invisible (left hand)
Wands
 g - a wand of polymorph (8)
 w - a wand of paralysis (12)
 B - a wand of iceblast (12)
 P - a wand of digging (6)
Scrolls
 e - a scroll of immolation
 h - 4 scrolls of noise
 j - a scroll of vulnerability
 l - 4 scrolls of blinking
 p - 2 scrolls of fog
 t - a scroll of teleportation
 u - 3 scrolls of fear
 G - a scroll of poison
 M - a scroll of brand weapon {unknown}
 N - a scroll of torment {unknown}
 S - a scroll of amnesia {unknown}
 U - a scroll of identify
Potions
 d - 3 potions of attraction
 i - 2 potions of resistance
 o - a potion of haste
 q - 7 potions of curing
 r - 2 potions of might
 s - a potion of ambrosia
 H - a potion of cancellation
 I - a potion of flight
 J - 2 potions of heal wounds
 K - 2 potions of brilliance
Miscellaneous
 Q - a condenser vane


   Skills:
 + Level 8.1 Fighting
 + Level 13.2 Ranged Weapons
 + Level 5.5 Armour
 - Level 5.0 Dodging
 - Level 1.0 Stealth
 - Level 7.0 Invocations
 - Level 5.0 Evocations


You had 3 spell levels left.
You knew the following spells:

 Your Spells              Type           Power      Damage    Failure   Level
c - Iskenderun's Mystic   Conj/Tloc      0%         2d3       100%        4
k - Blink                 Tloc           0%         N/A       77%         2
s - Momentum Strike       Conj/Tloc      0%         3d8       77%         2

Your spell library contained the following spells:

 Spells                   Type           Power      Damage    Failure   Level
 Sandblast                Erth           0%         2d4       63%         1
 Slow                     Hex            0%         N/A       63%         1
 Passwall                 Tmut/Erth      0%         N/A       77%         2
 Static Discharge         Conj/Air       0%         2-2/arc   77%         2
 Sublimation of Blood     Necr           0%         N/A       77%         2
 Wereblood                Tmut           0%         N/A       77%         2
 Confusing Touch          Hex            0%         N/A       94%         3
 Kindle Blastsparks       Fire/Tloc/Air  0%         2d10      94%         3
 Lesser Beckoning         Tloc           0%         N/A       94%         3
 Stone Arrow              Conj/Erth      0%         3d7       94%         3
 Vampiric Draining        Necr           0%         2d6       94%         3
 Vhi's Electric Charge    Tloc/Air       0%         N/A       94%         3
 Fulminant Prism          Conj/Hex       0%         3d5       100%        4
 Petrify                  Tmut/Erth      0%         N/A       100%        4
 Arcjolt                  Conj/Air       0%         1d10      100%        5
 Irradiate                Conj/Tmut      0%         3d11      100%        5
 Lee's Rapid Deconstruct  Erth           0%         3d4*      100%        5
 Lightning Bolt           Conj/Air       0%         1d11      100%        5
 Summon Hydra             Summ           0%         N/A       100%        7


Dungeon Overview and Level Annotations

Branches:
Dungeon (10/15)            Temple (1/1) D:5            Lair (0/5) D:9
Ossuary (visited)          Bailey (visited)
    Orc: D:9-12

Altars:
Ashenzari
Cheibriados
Dithmenos
Elyvilon
Fedhas
Gozag
Hepliaklqana
Kikubaaqudgha
Makhleb
Nemelex Xobeh
Okawaru
Qazlal
Ru
Sif Muna
Trog
Uskayaw
Vehumet
Wu Jian
Xom
Yredelemnul
Zin
The Shining One

Shops:
D:4 :?(=   D:7 =(=[


Message History

You shoot a bolt. The bolt hits the wolf spider!!
You drain the wolf spider!
You kill the wolf spider!
You shoot a bolt.
The bolt closely misses the freezing wraith.
The freezing wraith barely misses you. x2
The freezing wraith hits you but does no damage.
The freezing wraith hits you! The freezing wraith drains your vigour!
You feel yourself slow down.
You shoot a bolt.
The bolt hits the freezing wraith but does no damage.
The freezing wraith hits you but does no damage.
The freezing wraith completely misses you.
The freezing wraith hits you. The freezing wraith freezes you!!
The freezing wraith hits you but does no damage.
You shoot a bolt. The bolt hits the freezing wraith!
The freezing wraith is moderately damaged.
The freezing wraith closely misses you. The freezing wraith barely misses you.
The freezing wraith hits you! The freezing wraith freezes you!!
* * * LOW HITPOINT WARNING * * *
The freezing wraith barely misses you.
Fire: a) +3 arbalest (drain)
Press: ? - help, Q - select action, (/) - cycle Shift-Dir - straight line, f/p - freezing wraith
Aim: a freezing wraith (moderately damaged, 73% to hit)
You shoot a bolt. The bolt hits the freezing wraith.
The freezing wraith is moderately damaged.
The freezing wraith hits you!
* * * LOW HITPOINT WARNING * * *
The freezing wraith freezes you!
* * * LOW HITPOINT WARNING * * *
The freezing wraith hits you but does no damage. x2
The freezing wraith closely misses you.
Unknown command.
Okay, then.
Blink to where?
Press: ? - help, Dir - move target, p - freezing wraith
As you read the scroll of blinking, it crumbles to dust.
You see here a +0 short sword.
There is a stone staircase leading up here.
The freezing wraith closely misses you. The freezing wraith hits you.
You die...

...........+~~~~~~~~~~~~#~~~~~
....##.....#~~~~~~~~~~~~..~~~~
.............~~~~~~~~~~~#..~~~
#...#........#~~~~~~~~~~...>~~
#.. #...........~~~~~~~#.....~
#. #....##.....#~~
#....+......+ #....##.....#
#....##.W@..#
#######'#########
+...)†.W†...[# #.......#....#
#.......# ....) ##..⌠..## ....
#.....# ... ##...## .. #...# .


You could see a freezing wraith.

Vanquished Creatures
  Erica (D:8)
  2 orc knights (Bailey)
  A wolf spider (D:10)
  An unseen horror (D:10)
  4 komodo dragons
  2 kobold demonologists (Bailey)
  A troll (D:10)
  A hornet (D:10)
  A wyvern (D:9)
  Sigmund (D:3)
  8 yaks
  A basilisk (D:9)
  3 steam dragons
  2 vampire mosquitoes (D:8)
  2 water moccasins
  10 orc warriors
  An ice beast (D:7)
  3 sky beasts
  5 black bears
  An ogre (D:6)
  3 centaurs
  Blork the orc (D:6)
  A kobold brigand (D:9)
  3 bullfrogs
  A scorpion (D:5)
  8 wights (D:8)
  4 killer bees (D:9)
  3 howler monkeys (D:9)
  5 electric eels
  3 hounds
  3 jellies
  6 orc priests
  A gnoll bouda (D:3)
  Natasha (thrice) (D:4)
  3 orc wizards
  A mummy (Ossuary)
  13 gnolls
  5 adders
  A white imp (D:5)
  An ufetubus (D:6)
  2 adder zombies (Ossuary)
  A worm (D:3)
  2 dart slugs
  34 orcs
  14 ball pythons
  9 endoplasms
  4 giant cockroaches
  A gnoll zombie (Ossuary)
  9 goblins
  17 hobgoblins
  3 jackals (D:2)
  5 quokkas
  4 bats
  3 frilled lizards
  2 goblin zombies (Ossuary)
  2 hobgoblin zombies (Ossuary)
  11 kobolds
  2 kobold zombies (Ossuary)
  2 quokka zombies (Ossuary)
  6 rats
  2 rat zombies (Ossuary)
255 creatures vanquished.

Vanquished Creatures (collateral kills)
  A wyvern (D:9)
  4 yaks
  2 wights (D:8)
  A howler monkey (D:9)
  2 electric eels (Bailey)
  2 orc priests (D:9)
  2 mummies (Ossuary)
  A white imp (D:7)
  6 orcs
  3 hobgoblins (Bailey)
  2 goblin zombies (Ossuary)
  A kobold zombie (Ossuary)
  An orc zombie (Ossuary)
  A rat zombie (Ossuary)
29 creatures vanquished.

Vanquished Creatures (others)
  3 knights
  8 ancestors (Bailey)
11 creatures vanquished.

Grand Total: 295 creatures vanquished

Notes
Turn   | Place    | Note
-------+----------+-------------------------------------------
     0 | D:1      | porpoise the Human Hunter began the quest for the Orb.
     0 | D:1      | Reached XP level 1. HP: 16/16 MP: 1/1
    77 | D:1      | Reached XP level 2. HP: 22/22 MP: 2/2
   376 | D:1      | Reached XP level 3. HP: 28/28 MP: 3/3
  1116 | D:2      | Reached skill level 5 in Ranged Weapons
  1116 | D:2      | Reached XP level 4. HP: 13/34 MP: 4/4
  1351 | D:2      | Found a stormy altar of Qazlal.
  1832 | D:3      | Noticed Sigmund
  1840 | D:3      | Killed Sigmund
  1841 | D:3      | Reached skill level 6 in Ranged Weapons
  1841 | D:3      | Reached XP level 5. HP: 37/42 MP: 5/5
  1841 | D:3      | Reached XP level 6. HP: 43/48 MP: 6/6
  2314 | D:4      | Found Kuumamuh's Magic Scroll Shop.
  2314 | D:4      | Found Liudoib's Jewellery Shop.
  2314 | D:4      | Found Iceutz's Weapon Shop.
  2339 | D:4      | Noticed a black bear
  2346 | D:4      | Killed a black bear
  2419 | D:4      | Found Noes's Book Shop.
  2476 | D:4      | Reached XP level 7. HP: 54/54 MP: 7/7
  2603 | D:4      | Noticed Natasha
  2614 | D:4      | Killed Natasha
  2615 | D:4      | Reached skill level 7 in Ranged Weapons
  2790 | D:4      | Noticed Natasha
  2795 | D:4      | Killed Natasha
  3345 | D:4      | Reached skill level 5 in Fighting
  3391 | D:4      | Noticed Natasha
  3400 | D:4      | Killed Natasha
  3401 | D:4      | Reached XP level 8. HP: 61/62 MP: 8/8
  3584 | D:5      | Entered Level 5 of the Dungeon
  3590 | D:5      | Reached skill level 8 in Ranged Weapons
  3648 | D:5      | Reached skill level 1 in Armour
  3786 | D:5      | Found a staircase to the Ecumenical Temple.
  3794 | Temple   | Entered the Ecumenical Temple
  3838 | Temple   | Became a worshipper of Hepliaklqana the Forgotten
  4258 | D:5      | Found a white marble altar of Elyvilon.
  4482 | D:6      | Reached skill level 1 in Invocations
  4722 | D:6      | Found an iron altar of Okawaru.
  4722 | D:6      | Found a glowing golden altar of the Shining One.
  4774 | D:6      | Reached skill level 9 in Ranged Weapons
  4827 | D:6      | Noticed Blork the orc
  4844 | D:6      | Killed Blork the orc
  4933 | D:6      | Reached XP level 9. HP: 68/68 MP: 11/11
  5027 | D:6      | Found a radiant altar of Vehumet.
  5032 | D:6      | Found a hide-covered altar of Uskayaw.
  5037 | D:6      | Found an opulent altar of Gozag.
  5044 | D:6      | Found a basalt altar of Yredelemnul.
  5127 | D:6      | Reached * piety under Hepliaklqana
  5420 | D:7      | Found a flagged portal.
  5433 | Bailey   | Entered a bailey
  5721 | Bailey   | Noticed an orc knight
  5857 | Bailey   | Killed an orc knight
  5858 | Bailey   | Reached skill level 10 in Ranged Weapons
  5858 | Bailey   | Reached skill level 5 in Armour
  5858 | Bailey   | Reached skill level 5 in Invocations
  5877 | Bailey   | Noticed an orc knight
  5897 | Bailey   | Killed an orc knight
  5898 | Bailey   | Reached XP level 10. HP: 66/66 MP: 13/13
  6825 | Bailey   | Acquired a +2 arbalest of draining
  6845 | Bailey   | Found an iron altar of Okawaru.
  6845 | Bailey   | Noticed a kobold demonologist
  6845 | Bailey   | Noticed a kobold demonologist
  6855 | Bailey   | Noticed a sixfirhy
  6857 | Bailey   | Noticed a sixfirhy
  6866 | Bailey   | Noticed a sun demon
  6868 | Bailey   | Noticed a smoke demon
  6878 | Bailey   | Killed a kobold demonologist
  6883 | Bailey   | Killed a kobold demonologist
  6884 | Bailey   | Reached skill level 11 in Ranged Weapons
  7398 | D:7      | Found Nolliv's Jewellery Boutique.
  7421 | D:7      | Found Touwolam's Weapon Boutique.
  7487 | D:7      | Found Sufaac's Antique Armour Shoppe.
  7496 | D:7      | Bought a glowing ring mail for 196 gold pieces
  7693 | D:7      | Reached skill level 5 in Dodging
  8008 | D:7      | Found Qariecoa's Jewellery Shoppe.
  8012 | D:7      | Bought a ring of see invisible for 165 gold pieces
  8150 | D:8      | Found a shadowy altar of Dithmenos.
  8233 | D:8      | Reached ** piety under Hepliaklqana
  8234 | D:8      | Remembered your ancestor Nikki as a knight
  8264 | D:8      | Reached skill level 5 in Evocations
  8264 | D:8      | Reached XP level 11. HP: 60/72 MP: 14/14
  8277 | D:8      | Noticed Erica
  8302 | D:8      | Killed Erica
  8303 | D:8      | Reached skill level 12 in Ranged Weapons
  8312 | D:8      | HP: 3/72 [poisoned by Erica (bolt of poison)]
  8623 | D:8      | Found a sand-covered staircase.
  8632 | Ossuary  | Entered an ossuary
  9645 | D:9      | Found an ancient bone altar of Kikubaaqudgha.
 10272 | D:9      | Found a staircase to the Lair.
 10484 | D:10     | Entered Level 10 of the Dungeon
 10487 | D:10     | Reached skill level 13 in Ranged Weapons
 10767 | D:10     | Learned a level 2 spell: Momentum Strike
 10770 | D:10     | Learned a level 2 spell: Blink
 10775 | D:10     | Learned a level 4 spell: Iskenderun's Mystic Blast
 10776 | D:10     | Reached *** piety under Hepliaklqana
 10782 | D:10     | Reached XP level 12. HP: 70/82 MP: 17/17
 10875 | D:10     | HP: 3/82 [freezing wraith (8)]
 10879 | D:10     | Slain by a freezing wraith

Illustrated notes

Levels and vault maps discovered:
D:1:      dpeg_arrival_solitude, layout_basic
D:2:      layout_basic, basic_altar
D:3:      layout_rooms, uniq_sigmund
D:4:      layout_gridville, minmay_shop_grid_forest, hangedman_decor_push,
          uniq_natasha
D:5:      layout_loops_ring, lemuel_crystal_altar, minmay_temple_entry_arrows,
          minmay_misc_feat_tower, nicolae_elevator_lobby_asterisk
D:6:      layout_loops_ring, nicolae_overflow_hallway_of_the_gods,
          uniq_blork_the_orc
D:7:      layout_loops_ring, serial_shops, nicolae_lakefront_shop,
          nicolae_shop_bloodbath_and_beyond, kennysheep_mini, shop,
          enter_bailey_2, serial_park_tiny_pond
D:8:      layout_basic, grunt_dithmenos_smoke, chequers_ossuary_entry_cave,
          grunt_ministairs_5, uniq_erica
D:9:      layout_basic, mainiacjoe_overflow_catwalk, erik_lair_dragon,
          dk_rats_in_the_wall
D:10:     layout_basic, orc_0_dummy, chequers_garden, nicolae_rejected_hall
Temple:   nicolae_temple_ecumenical_triangle

Skill      XL: |  1  2  3  4  5  6  7  8  9 10 11 12 |
---------------+-------------------------------------+-----
Ranged Weapons | 5 6 7 9 10 11 13 | 13.2
Fighting       | 3 4 5 7 8 |  8.1
Armour         | 3 5 |  5.5
Invocations    | 2 5 7 |  7.0
Dodging        | 3 5 |  5.0
Evocations     | 2 5 |  5.0
Stealth        | |  1.0

Action                   |  1- 3 |  4- 6 |  7- 9 | 10-12 || total
-------------------------+-------+-------+-------+-------++-------
Melee: Short sword       |       |       |    34 |       ||    34
       Punch             |       |       |     1 |       ||     1
 Fire: Shortbow          |   102 |   117 |   345 |    77 ||   641
       Arbalest          |       |       |       |   269 ||   269
Invok: Ancestor Identity |       |       |     1 |       ||     1
       Ancestor Life: Kn |       |       |       |     1 ||     1
       Recall Ancestor   |       |       |       |     4 ||     4
Evoke: Wand              |       |       |     3 |     3 ||     6
  Use: Scroll            |       |     6 |     6 |    12 ||    24
       Potion            |       |       |       |     6 ||     6
Armor: Leather armour    |    18 |     3 |     2 |    18 ||    41
       Ring mail         |       |     8 |   100 |    36 ||   144
Dodge: Dodged            |    34 |    24 |   152 |   128 ||   338

Table legend: (Time is in decaauts)
 A = Elapsed time spent in this place.
 B = Non-inter-level travel time spent in this place.
 C = Inter-level travel time spent in this place.
 D = Time resting spent in this place.
 E = Time spent auto-exploring this place.
 F = Levels seen in this place.
 G = Mean time per level.
                   A        B        C        D        E       F      G
               +--------+--------+--------+--------+--------+-----+--------+
         Total |  11103 |  10759 |    344 |   3227 |   4939 |  13 |  854.1 |
       Dungeon |   8792 |   8461 |    331 |   1953 |   4809 |  10 |  879.2 |
        Temple |     57 |     44 |     13 |      0 |     18 |   1 |   57.0 |
       Ossuary |    365 |    365 |      0 |    200 |     15 |   1 |  365.0 |
        Bailey |   1887 |   1887 |      0 |   1074 |     97 |   1 | 1887.0 |
               +--------+--------+--------+--------+--------+-----+--------+

Top non-repeatable levels by time:
  Bailey: 1887 daAuts
     D:9: 1065 daAuts
     D:8: 990 daAuts
     D:6: 959 daAuts
     D:1: 950 daAuts
     D:2: 913 daAuts
     D:4: 909 daAuts
     D:3: 906 daAuts
     D:7: 854 daAuts
     D:5: 830 daAuts
    D:10: 411 daAuts
 Ossuary: 365 daAuts
  Temple: 57 daAuts
